 Dungeon Crawl Stone Soup version 0.27-a0-836-gfc908b8576 (webtiles) character file.

Game seed: 7561578424384390800

403 polve the Changer (level 6, -3/70 HPs)
             Began as a Draconian Transmuter on Mar 31, 2021.
             Succumbed to an orc wizard's poison
             ... on level 4 of the Dungeon.
             The game lasted 00:04:30 (5663 turns).

polve the Changer (Draconian Transmuter)            Turns: 5663, Time: 00:04:30

Health: -3/70      AC: 23    Str:  9 (12) XL:     6   Next: 55%
Magic:  9/9        EV:  2    Int: 17 (18) God:
Gold:   138        SH:  0    Dex: 11      Spells: 3/9 levels left

rFire    . . .     SeeInvis .     - Unarmed
rCold    . . .     Faith    .   (no shield)
rNeg     + + +     Spirit   .   (armour unavailable)
rPois    +         Reflect  .   (helmet currently unavailable)
rElec    .         Harm     .   (cloak currently unavailable)
rCorr    .         Rampage  .   (gloves currently unavailable)
Will     +....     NoTele   +   (boots currently unavailable)
Stlth    +.........             (no amulet)
HPRegen  0.21/turn              (no ring)
MPRegen  0.11/turn              (no ring)

@: lethally poisoned (-3 -> -22), tree-form, attractive
A: stationary, stasis, torment immunity, boosted hp, AC +6, unfitting armour,
(cold-blooded), clever 1, strong-willed 1, inability to read while threatened
a: no special abilities


You were on level 4 of the Dungeon.
You were a tree.
You visited 1 branch of the dungeon, and saw 5 of its levels.

You collected 138 gold pieces.

Inventory:

Armour
 c - a +0 cloak (melded)
Jewellery
 i - a ring of poison resistance
 m - a +4 ring of slaying
Scrolls
 b - 3 scrolls of teleportation {unknown}
 d - a scroll of identify {unknown}
 g - a scroll of fog {unknown}
 h - a scroll of enchant weapon {unknown}
 l - a scroll of magic mapping {unknown}
Potions
 f - 2 potions of degeneration


   Skills:
 - Level 1.1 Fighting
 - Level 1.7 Dodging
 - Level 3.0 Unarmed Combat
 - Level 2.0 Spellcasting
 + Level 7.1 Transmutations


You had 3 spell levels left.
You knew the following spells:

 Your Spells              Type           Power      Damage    Failure   Level
a - Beastly Appendage     Tmut           52%        N/A       1%          1
b - Wereblood             Tmut           26%        N/A       1%          2
c - Spider Form           Tmut/Pois      6%         N/A       14%         3

Your spell library contained the following spells:

 Spells                   Type           Power      Damage    Failure   Level
 Confusing Touch          Hex            1%         N/A       50%         3
 Gell's Gravitas          Tloc           0%         N/A       50%         3
 Hydra Form               Tmut           13%        N/A       28%         5
 Ice Form                 Ice/Tmut       13%        N/A       41%         4
 Petrify                  Tmut/Erth      13%        N/A       41%         4
 Yara's Violent Unravell  Hex/Tmut       6%         3d5       77%         5
 Metabolic Englaciation   Hex/Ice        0%         N/A       99%         5


Dungeon Overview and Level Annotations

Branches:
Dungeon (5/15)
 Temple: D:4-7

Altars:
Ashenzari
Fedhas
The Shining One


Innate Abilities, Weirdness & Mutations

You are a tree.
Your roots penetrate the ground, keeping you stationary.
You cannot be teleported.
You are immune to unholy pain and torment.
Your maximum health is greatly increased.
Your equipment is partially melded.
((Your plain brown scales are hard. (AC +6)))
You cannot fit into any form of body armour.
((You are cold-blooded and may be slowed by cold attacks.))
Your mind is acute. (Int +2)
You are strong-willed. (Will+)
You sometimes lose the ability to read scrolls when taking damage.


Message History

You feel very sick. Something hits you but does no damage.
The necrophage hits you but does no damage.
You hit the necrophage.
You destroy the necrophage!
You feel very sick. Something hits you but does no damage.
You feel your dexterity returning.
Your Transmutations skill increases to level 7!
You barely miss the scorpion.
You feel very sick.
The scorpion stings you but does no damage.
Something hits you but does no damage.
You hit the scorpion but do no damage.
You feel sick.
The scorpion stings you but does no damage.
Something hits you.
* * * LOW HITPOINT WARNING * * *
You closely miss something.
You feel sick.
The scorpion stings you but does no damage.
Something hits you but does no damage.
You are lethally poisoned!
You smack the scorpion!
The scorpion is heavily wounded.
* * * LOW HITPOINT WARNING * * *
You feel very sick. The scorpion stings you.
* * * LOW HITPOINT WARNING * * *
Something hits you but does no damage.
You are more poisoned.
You barely miss the scorpion.
The scorpion is heavily wounded.
* * * LOW HITPOINT WARNING * * *
You feel very sick. The scorpion stings you.
* * * LOW HITPOINT WARNING * * *
Something hits you but does no damage.
Okay, then.
You hit the scorpion.
The scorpion is severely wounded.
You die...

....._..+....##.................(
..#.....#...###.................#
.#......#...###.(.........##..###
.###.'#.#...##............##..#
(|....####....................#
....................>##.>.....#
...............(..##....##....#
...#.......[>..##{#......####.#
#.........#....s♣......### #.#
###.......###..##.##...# #.#
#...##...###.....#...######.##
#..##....# #..........##).(..##
##.####..# #####.#....#.......#
### #.## ####...........# ###
#.......8...# #<..........#
###.........#


You could see a scorpion.

Vanquished Creatures
  A necrophage (D:4)
  A jelly (D:4)
  Crazy Yiuf (D:4)
  A gnoll shaman (D:4)
  2 iguanas (D:4)
  Robin (D:2)
  A gnoll (D:4)
  4 adders
  A white imp (D:4)
  An ufetubus (D:2)
  2 worms (D:2)
  2 dart slugs
  11 endoplasms
  4 giant cockroaches
  10 hobgoblins
  8 jackals (D:1)
  5 kobolds
  A quokka (D:2)
  3 ball pythons
  14 frilled lizards
  13 goblins
  3 goblin skeletons (D:4)
  A goblin zombie (D:4)
  3 kobold skeletons (D:4)
  2 kobold zombies (D:4)
  2 orc skeletons (D:4)
  2 orc zombies (D:4)
  13 rats
113 creatures vanquished.

Notes
Turn   | Place    | Note
-------+----------+-------------------------------------------
     0 | D:1      | polve the Draconian Transmuter began the quest for the Orb.
     0 | D:1      | Reached XP level 1. HP: 16/16 MP: 3/3
   235 | D:1      | Reached XP level 2. HP: 13/23 MP: 5/5
   391 | D:1      | Reached skill level 3 in Transmutations
   897 | D:1      | Reached XP level 3. HP: 28/28 MP: 3/6
  1441 | D:1      | Reached skill level 4 in Transmutations
  1837 | D:2      | Reached XP level 4. HP: 28/35 MP: 7/7
  2130 | D:2      | Noticed Robin
  2139 | D:2      | Killed Robin
  2443 | D:2      | Found a broken altar of Ashenzari.
  2765 | D:2      | Reached skill level 5 in Transmutations
  3404 | D:3      | Reached XP level 5. HP: 39/40 MP: 8/8
  4160 | D:4      | Learned a level 2 spell: Wereblood
  4164 | D:4      | Learned a level 3 spell: Spider Form
  4194 | D:4      | Found a glowing golden altar of the Shining One.
  4687 | D:4      | Reached skill level 6 in Transmutations
  4923 | D:4      | Found a runed translucent door.
  4924 | D:4      | Noticed Crazy Yiuf
  5151 | D:4      | Killed Crazy Yiuf
  5152 | D:4      | Reached XP level 6. HP: 39/47 MP: 7/9
  5222 | D:5      | Entered Level 5 of the Dungeon
  5225 | D:5      | Found a blossoming altar of Fedhas.
  5644 | D:4      | Gained mutation: Your mind is acute. (Int +2) [potion of
                  | mutation]
  5644 | D:4      | Gained mutation: You sometimes lose the ability to read
                  | scrolls when taking damage. [potion of mutation]
  5644 | D:4      | Gained mutation: You are strong-willed. (Will+) [potion of
                  | mutation]
  5658 | D:4      | Reached skill level 7 in Transmutations
  5662 | D:4      | HP: 1/70 [scorpion (3)]
  5663 | D:4      | Succumbed to an orc wizard's poison

Illustrated notes

Levels and vault maps discovered:
D:1:      sevenhm_arrival_forest_fort_large_2, layout_loops_cross,
          minmay_lizard_pond
D:2:      layout_basic, ashenzari_conservatory_becter,
          kennysheep_generic_room_9, uniq_robin
D:3:      layout_basic
D:4:      layout_cave_pools, nicolae_tso_besieged_by_evil, serial_column_ruins,
          column_ruins_open_medium, column_ruins_open_tiny,
          column_ruins_columns_dead_end, kennysheep_decorative_pillar,
          uniq_crazy_yiuf_cottage
D:5:      layout_cave_pools, vehumet_crystals,
          nemelex_xobeh_ov_fountains_minmay,
          chequers_temple_overflow_statue_of_worship,
          minmay_temple_entry_statues_pillars,
          nicolae_ossuary_entry_false_entrances, uniq_menkaure, uniq_eustachio

Skill      XL: |  1  2  3  4  5  6 |
---------------+-------------------+-----
Transmutations | 3 4 5 6 7 |  7.1
Fighting       | |  1.1
Dodging        | |  1.7
Unarmed Combat | |  3.0
Spellcasting   | |  2.0

Action                   |  1- 3 |  4- 6 || total
-------------------------+-------+-------++-------
Melee: Unarmed           |   158 |   197 ||   355
       Tailslap          |    13 |    16 ||    29
       Headbutt          |    11 |    17 ||    28
       Kick              |    17 |    40 ||    57
       Punch             |     1 |     4 ||     5
 Cast: Beastly Appendage |    24 |    38 ||    62
  Use: Potion            |       |     7 ||     7
 Stab: Sleeping          |     1 |     1 ||     2
Armor: Skin              |    36 |    72 ||   108
Dodge: Dodged            |    99 |    99 ||   198

Table legend: (Time is in decaauts)
 A = Elapsed time spent in this place.
 B = Non-inter-level travel time spent in this place.
 C = Inter-level travel time spent in this place.
 D = Time resting spent in this place.
 E = Time spent auto-exploring this place.
 F = Levels seen in this place.
 G = Mean time per level.
                   A        B        C        D        E       F      G
               +--------+--------+--------+--------+--------+-----+--------+
         Total |   5650 |   5532 |    118 |    126 |   4606 |   5 | 1130.0 |
       Dungeon |   5650 |   5532 |    118 |    126 |   4606 |   5 | 1130.0 |
               +--------+--------+--------+--------+--------+-----+--------+

Top non-repeatable levels by time:
     D:1: 1628 daAuts
     D:4: 1536 daAuts
     D:2: 1340 daAuts
     D:3: 1131 daAuts
     D:5: 14 daAuts
